Sabres vs Devils

Created - November 20, 2016 at 10:15

Goals
1 2 3 T
Sabres 0 2 1 3
Devils 1 2 1 4
Shots
1 2 3 T
Sabres 10 10 5 25
Devils 10 16 12 38

1st period

1. Devils , Darren Helm 4 (Trevor Daley, Ales Hemsky) at 9:04

Penalties :
Brandon Sutter (NJD) for Hooking (Minor) at 4:58, Nino Niederreiter (BUF) for Hooking (Minor) at 6:38, Brandon Prust (NJD) for Slashing (Minor) at 15:57

2nd period

2. Sabres , Francois Beauchemin 3 (Ryan Johansen, Rasmus Ristolainen) at 1:12
3. Sabres , Zach Hyman 5 (Johnny Oduya, Braydon Coburn) at 15:47
4. Devils , Tommy Wingels 7 (Darren Helm, Ales Hemsky) at 16:24
5. Devils , Valtteri Filppula 7 (Brandon Sutter) at 18:14 (PP)

Penalties :
Michal Rozsival (NJD) for Interference (Minor) at 1:19, Oliver Ekman-Larsson (BUF) for Hooking (Minor) at 17:00, Ryan Johansen (BUF) for Hooking (Minor) at 18:55

3rd period

6. Devils , Tyler Johnson 5 (Mikko Koivu, James Neal) at 6:20
7. Sabres , Kyle Turris 4 (Kris Versteeg, Rasmus Ristolainen) at 19:39

Penalties :
Tommy Wingels (NJD) for Hooking (Minor) at 12:14

Goalie Stats

Ondrej Pavelec (BUF), 34 saves from 38 shots - (0.895), L, 1-12-2, 60:00 minutes
Corey Crawford (NJD), 22 saves from 25 shots - (0.880), W, 6-1-4, 60:00 minutes

Players Stats for Sabres

Player Name              G  A  P  +/- PIM S  H  SB GA TA FO     MP     PP MP  PK MP  
------------------------------------------------------------------------------------
Braydon Coburn           0  1  1   0  0   0  1  0  0  0  0/0    14:29   0:00   2:18 
Brock Nelson             0  0  0   0  0   3  2  0  0  0  0/0    22:07   4:30   0:14 
Daniel Winnik            0  0  0   0  0   1  0  0  0  0  0/0    12:37   0:00   3:49 
Francois Beauchemin      1  0  1   1  0   3  1  3  0  0  0/0    26:48   3:01   2:35 
Gustav Nyquist           0  0  0  -1  0   1  0  0  0  0  0/1     8:10   0:00   0:00 
Jacob Josefson           0  0  0   0  0   0  0  0  0  0  0/1     9:52   0:00   1:04 
Johnny Oduya             0  1  1   0  0   0  0  0  0  0  0/0    14:54   0:00   2:43 
Kris Versteeg            0  1  1   1  0   0  1  0  0  0  0/1    11:44   0:00   0:00 
Kyle Turris              1  0  1   0  0   2  0  0  0  0  8/17   16:20   3:07   0:00 
Lars Eller               0  0  0   0  0   1  1  0  0  0  0/0     8:06   0:00   0:00 
Matt Cullen              0  0  0   0  0   2  0  0  0  0  10/22  15:07   3:07   3:35 
Nino Niederreiter        0  0  0   0  2   2  1  0  0  0  1/2    16:00   3:06   0:00 
Oliver Ekman-Larsson     0  0  0  -1  2   1  2  0  0  0  0/0    21:08   3:01   0:21 
Rasmus Ristolainen       0  2  2   1  0   1  2  1  0  0  0/0    22:28   4:36   0:00 
Ryan Johansen            0  1  1   0  2   2  4  0  0  0  12/23  22:58   4:30   0:00 
Thomas Vanek             0  0  0   0  0   3  0  0  0  0  1/2    21:53   4:30   0:00 
Tyler Myers              0  0  0  -1  0   0  0  3  0  0  0/0    20:12   4:36   1:49 
Zach Hyman               1  0  1   0  0   3  0  0  0  0  3/8     9:52   0:00   1:04 

Players Stats for Devils

Player Name              G  A  P  +/- PIM S  H  SB GA TA FO     MP     PP MP  PK MP  
------------------------------------------------------------------------------------
Ales Hemsky              0  2  2   2  0   3  0  1  0  0  0/0    14:00   0:00   0:00 
Anton Stralman           0  0  0  -1  0   4  1  1  0  0  0/0    22:29   2:01   4:06 
Brandon Prust            0  0  0   0  2   0  3  0  0  0  0/0     7:23   0:00   0:00 
Brandon Sutter           0  1  1  -2  2   7  1  0  0  0  13/19  14:26   2:52   0:00 
Darren Helm              1  1  2   2  0   5  0  1  0  0  8/19   14:34   0:15   0:00 
Dougie Hamilton          0  0  0  -1  0   0  3  1  0  0  0/0    17:11   2:01   0:00 
Drew Stafford            0  0  0  -2  0   4  1  0  0  0  5/9    21:31   2:52   0:00 
James Neal               0  1  1   0  0   2  4  1  0  0  0/1    17:09   2:01   0:36 
Michal Rozsival          0  0  0  -1  2   1  7  0  0  0  0/0    20:24   2:52   2:07 
Miikka Salomaki          0  0  0   0  0   0  0  0  0  0  0/0     7:56   0:00   0:32 
Mikko Koivu              0  1  1   0  0   0  2  1  0  0  14/22  19:47   2:01   3:34 
Ryan Pulock              0  0  0   0  0   0  1  0  0  0  0/0     1:10   0:00   0:18 
Shayne Gostisbehere      0  0  0  -1  0   1  0  0  0  0  0/0    21:33   2:52   3:15 
Steven Kampfer           0  0  0   2  0   0  2  0  0  0  0/0    16:48   0:00   1:06 
Tommy Wingels            1  0  1   2  2   3  1  0  0  0  0/2    16:54   0:00   2:55 
Trevor Daley             0  1  1   2  0   0  1  2  0  0  0/0    20:24   0:00   4:22 
Tyler Johnson            1  0  1   0  0   3  0  0  0  0  1/4    20:16   2:01   4:03 
Valtteri Filppula        1  0  1  -2  0   5  2  0  0  0  1/1    18:05   2:37   3:34 

3 Stars

1 - Darren Helm (NJD)
2 - Ales Hemsky (NJD)
3 - Rasmus Ristolainen (BUF)

Power Play

Sabres - 0 on 4 Attempt(s) - 0.00%
Devils - 1 on 3 Attempt(s) - 33.33%

Penalty Kill

Sabres - 2 on 3 Attempt(s) - 66.67% - Score 0 goal in Penalty Kill
Devils - 4 on 4 Attempt(s) - 100.00% - Score 0 goal in Penalty Kill

Team Stat

Sabres - Hits : 15 - Faceoff Wins : 35 - Blocked Shots : 7 - Penalty Minutes : 6
Devils - Hits : 29 - Faceoff Wins : 42 - Blocked Shots : 8 - Penalty Minutes : 8

Official

Referees : Garrett Rank and Tom Chmielewski
Linesman : Mark Wheler and Brian Murphy

Game Notes

Gustav Nyquist is injured at 12:57 of 2nd period (Bruised Left Shoulder)

Finance

Level 1 -- Attendance: 3053 (50.88%) -- Ticket Income $549,540
Level 2 -- Attendance: 2509 (50.18%) -- Ticket Income $328,679
Level 3 -- Attendance: 1264 (63.20%) -- Ticket Income $160,528
Level 4 -- Attendance: 1058 (29.19%) -- Ticket Income $95,220
Luxury Box -- Attendance: 604 (60.40%) -- Ticket Income $178,180
Game was played at the Prudential Center.
Total Attendance: 8488 (48.16%)
Total Ticket Income: $1,312,147
Other Income: $196,822
Total Income: $1,508,969

% Time on Ice - Sabres

Lines # - Real PCT - Wanted PCT - Time Play
Normal Forward
1 - 36% - 40% - 17:03
2 - 28% - 30% - 12:54
3 - 17% - 20% - 8:06
4 - 19% - 10% - 8:48
Normal Defense
1 - 37% - 40% - 17:32
2 - 29% - 30% - 13:47
3 - 26% - 20% - 12:11
4 - 7% - 10% - 3:21
PP Forward
1 - 59% - 60% - 4:30
2 - 41% - 40% - 3:07
PP Defense
1 - 40% - 60% - 3:01
2 - 60% - 40% - 4:36
PK Forward
1 - 78% - 60% - 3:49
2 - 22% - 40% - 1:04
PK Defense
1 - 53% - 60% - 2:35
2 - 47% - 40% - 2:18
PK3 Forward
1 - 0% - 60%
2 - 0% - 40%
PK3 Defense
1 - 0% - 60%
2 - 0% - 40%
44 Forward
1 - 100% - 60% - 0:19
2 - 0% - 40% - 0:00
44 Defense
1 - 0% - 60% - 0:00
2 - 100% - 40% - 0:19
Last Minute Offensive  - 0:20
Last Minute Defensive  - 0:00
Total
Forward - 60:00
Defense - 60:00

% Time on Ice - Devils

Lines # - Real PCT - Wanted PCT - Time Play
Normal Forward
1 - 30% - 27% - 14:12
2 - 24% - 27% - 11:15
3 - 30% - 26% - 14:00
4 - 16% - 20% - 7:24
Normal Defense
1 - 32% - 34% - 14:51
2 - 33% - 33% - 15:26
3 - 34% - 33% - 15:42
4 - 2% - 0% - 0:52
PP Forward
1 - 41% - 50% - 2:01
2 - 59% - 50% - 2:52
PP Defense
1 - 41% - 50% - 2:01
2 - 59% - 50% - 2:52
PK Forward
1 - 47% - 50% - 3:34
2 - 53% - 50% - 4:03
PK Defense
1 - 57% - 50% - 4:22
2 - 43% - 50% - 3:15
PK3 Forward
1 - 0% - 50%
2 - 0% - 50%
PK3 Defense
1 - 0% - 50%
2 - 0% - 50%
44 Forward
1 - 0% - 50% - 0:00
2 - 100% - 50% - 0:19
44 Defense
1 - 100% - 50% - 0:19
2 - 0% - 50% - 0:00
Last Minute Offensive  - 0:00
Last Minute Defensive  - 0:20
Total
Forward - 60:00
Defense - 60:00

Play by Play

1st period


0:01 of 1st period - Ryan Johansen wins face-off versus Mikko Koivu in neutral zone.
0:37 of 1st period - Ryan Johansen is hit by Dougie Hamilton and loses puck.
1:06 of 1st period - Shot by Drew Stafford.
1:06 of 1st period - Stopped by Ondrej Pavelec with a rebound.
1:18 of 1st period - Shot by Brandon Sutter.
1:18 of 1st period - Shot Blocked by Francois Beauchemin.
1:20 of 1st period - Shot by Shayne Gostisbehere.
1:20 of 1st period - Stopped by Ondrej Pavelec without a rebound.
1:21 of 1st period - Nino Niederreiter wins face-off versus Darren Helm in Sabres zone.
1:30 of 1st period - Shot by Gustav Nyquist.
1:30 of 1st period - Stopped by Corey Crawford without a rebound.
1:31 of 1st period - Matt Cullen wins face-off versus Drew Stafford in Devils zone.
1:44 of 1st period - Shot by Lars Eller.
1:44 of 1st period - Stopped by Corey Crawford without a rebound.
1:45 of 1st period - Darren Helm wins face-off versus Kyle Turris in Devils zone.
1:45 of 1st period - Darren Helm is hit by Nino Niederreiter.
2:01 of 1st period - Shot by Gustav Nyquist.
2:01 of 1st period - Shot Blocked by Ales Hemsky.
2:10 of 1st period - Icing by Tommy Wingels.
2:11 of 1st period - Darren Helm wins face-off versus Zach Hyman in Devils zone.
2:16 of 1st period - Shot by Ales Hemsky.
2:16 of 1st period - Stopped by Ondrej Pavelec without a rebound.
2:17 of 1st period - Matt Cullen wins face-off versus Drew Stafford in Sabres zone.
2:53 of 1st period - Trevor Daley is hit by Lars Eller and loses puck.
3:28 of 1st period - Shot by Darren Helm.
3:28 of 1st period - Stopped by Ondrej Pavelec with a rebound.
3:30 of 1st period - Shot by Tommy Wingels.
3:30 of 1st period - Shot Misses the Net.
3:32 of 1st period - Shot by Darren Helm.
3:32 of 1st period - Deflect By Ales Hemsky.
3:32 of 1st period - Stopped by Ondrej Pavelec without a rebound.
3:33 of 1st period - Mikko Koivu wins face-off versus Zach Hyman in Sabres zone.
3:34 of 1st period - Shot by James Neal.
3:34 of 1st period - Shot Blocked by Tyler Myers.
4:27 of 1st period - Shot by Ryan Johansen.
4:27 of 1st period - Shot Blocked by James Neal.
4:29 of 1st period - Shot by Thomas Vanek.
4:29 of 1st period - Stopped by Corey Crawford with a rebound.
4:31 of 1st period - Shot by Francois Beauchemin.
4:31 of 1st period - Shot Misses the Net.
4:33 of 1st period - Shot by Thomas Vanek.
4:33 of 1st period - Deflect By Brock Nelson.
4:33 of 1st period - Stopped by Corey Crawford without a rebound.
4:34 of 1st period - Kyle Turris wins face-off versus Brandon Sutter in Devils zone.
4:39 of 1st period - Shot by Gustav Nyquist.
4:39 of 1st period - Shot Misses the Net.
4:58 of 1st period - Minor Penalty to Brandon Sutter for Hooking.
4:59 of 1st period - Ryan Johansen wins face-off versus Tyler Johnson in Devils zone.
5:04 of 1st period - Shot by Thomas Vanek.
5:04 of 1st period - Shot Blocked by Anton Stralman.
5:16 of 1st period - Shot by Rasmus Ristolainen.
5:16 of 1st period - Shot Misses the Net.
5:34 of 1st period - Shot by Ryan Johansen.
5:34 of 1st period - Shot Misses the Net.
5:52 of 1st period - Icing by Tyler Myers.
5:53 of 1st period - Ryan Johansen wins face-off versus Mikko Koivu in Sabres zone.
5:53 of 1st period - Ryan Johansen is hit by Mikko Koivu.
6:01 of 1st period - Mikko Koivu is hit by Ryan Johansen and loses puck.
6:38 of 1st period - Minor Penalty to Nino Niederreiter for Hooking.
6:39 of 1st period - Darren Helm wins face-off versus Kyle Turris in Sabres zone.
7:50 of 1st period - James Neal is hit by Oliver Ekman-Larsson and loses puck.
8:05 of 1st period - Shot by Anton Stralman.
8:05 of 1st period - Stopped by Ondrej Pavelec with a rebound.
8:58 of 1st period - Shot by Darren Helm.
8:58 of 1st period - Shot Misses the Net.
9:04 of 1st period - Shot by Darren Helm.
9:04 of 1st period - Goal by Darren Helm - Sabres : 0 - Devils : 1.
9:05 of 1st period - Drew Stafford wins face-off versus Ryan Johansen in neutral zone.
9:39 of 1st period - Icing by Brandon Prust.
9:40 of 1st period - Drew Stafford wins face-off versus Kyle Turris in Devils zone.
11:40 of 1st period - Shot by Jacob Josefson.
11:40 of 1st period - Shot Blocked by Trevor Daley.
11:46 of 1st period - Shot by Zach Hyman.
11:46 of 1st period - Shot Misses the Net.
12:10 of 1st period - Shot by Ryan Johansen.
12:10 of 1st period - Shot Misses the Net.
12:28 of 1st period - Shot by Brock Nelson.
12:28 of 1st period - Stopped by Corey Crawford without a rebound.
12:29 of 1st period - Brandon Sutter wins face-off versus Kyle Turris in Devils zone.
12:42 of 1st period - Shot by Anton Stralman.
12:42 of 1st period - Stopped by Ondrej Pavelec without a rebound.
12:43 of 1st period - Mikko Koivu wins face-off versus Matt Cullen in Sabres zone.
13:16 of 1st period - Icing by Michal Rozsival.
13:17 of 1st period - Mikko Koivu wins face-off versus Ryan Johansen in Devils zone.
14:41 of 1st period - Shot by Gustav Nyquist.
14:41 of 1st period - Shot Misses the Net.
14:43 of 1st period - Shot by Rasmus Ristolainen.
14:43 of 1st period - Stopped by Corey Crawford without a rebound.
14:44 of 1st period - Matt Cullen wins face-off versus Mikko Koivu in Devils zone.
14:47 of 1st period - Shot by Kris Versteeg.
14:47 of 1st period - Shot Misses the Net.
14:49 of 1st period - Shot by Matt Cullen.
14:49 of 1st period - Stopped by Corey Crawford without a rebound.
14:50 of 1st period - Mikko Koivu wins face-off versus Gustav Nyquist in Devils zone.
15:03 of 1st period - Francois Beauchemin is hit by James Neal and loses puck.
15:28 of 1st period - Shot by Gustav Nyquist.
15:28 of 1st period - Deflect By Nino Niederreiter.
15:28 of 1st period - Stopped by Corey Crawford without a rebound.
15:29 of 1st period - Drew Stafford wins face-off versus Matt Cullen in Devils zone.
15:31 of 1st period - Icing by Ryan Pulock.
15:32 of 1st period - Matt Cullen wins face-off versus Drew Stafford in Devils zone.
15:32 of 1st period - Matt Cullen is hit by Ryan Pulock.
15:38 of 1st period - Shot by Matt Cullen.
15:38 of 1st period - Shot Misses the Net.
15:43 of 1st period - Lars Eller is hit by Anton Stralman and loses puck.
15:56 of 1st period - Shot by Drew Stafford.
15:56 of 1st period - Shot Misses the Net.
15:57 of 1st period - Minor Penalty to Brandon Prust for Slashing.
15:58 of 1st period - Tyler Johnson wins face-off versus Ryan Johansen in Devils zone.
15:58 of 1st period - Tyler Johnson is hit by Brock Nelson.
16:31 of 1st period - Ryan Johansen is hit by Michal Rozsival and loses puck.
18:19 of 1st period - Jacob Josefson is hit by Steven Kampfer and loses puck.
18:28 of 1st period - Shot by Zach Hyman.
18:28 of 1st period - Stopped by Corey Crawford with a rebound.
18:30 of 1st period - Shot by Zach Hyman.
18:30 of 1st period - Stopped by Corey Crawford without a rebound.
18:31 of 1st period - Ryan Johansen wins face-off versus Darren Helm in Devils zone.
18:42 of 1st period - Shot by Tommy Wingels.
18:42 of 1st period - Stopped by Ondrej Pavelec without a rebound.
18:43 of 1st period - Mikko Koivu wins face-off versus Ryan Johansen in Sabres zone.
19:47 of 1st period - Valtteri Filppula is hit by Oliver Ekman-Larsson and loses puck.
19:52 of 1st period - Shot by Valtteri Filppula.
19:52 of 1st period - Stopped by Ondrej Pavelec without a rebound.
19:53 of 1st period - Kyle Turris wins face-off versus Darren Helm in Sabres zone.
19:57 of 1st period - Icing by Nino Niederreiter.
19:58 of 1st period - Darren Helm wins face-off versus Nino Niederreiter in Sabres zone.
Goals for this period are 0 for Sabres vs 1 for Devils.
Shots for this period are 10 for Sabres vs 10 for Devils.

2nd period


0:01 of 2nd period - Ryan Johansen wins face-off versus Brandon Sutter in neutral zone.
0:26 of 2nd period - Shot by Ryan Johansen.
0:26 of 2nd period - Stopped by Corey Crawford without a rebound.
0:27 of 2nd period - Mikko Koivu wins face-off versus Kyle Turris in Devils zone.
0:48 of 2nd period - Shot by James Neal.
0:48 of 2nd period - Stopped by Ondrej Pavelec without a rebound.
0:49 of 2nd period - Brandon Sutter wins face-off versus Ryan Johansen in Sabres zone.
1:00 of 2nd period - Shot by Brandon Sutter.
1:00 of 2nd period - Shot Misses the Net.
1:10 of 2nd period - Shot by Ryan Johansen.
1:10 of 2nd period - Shot Misses the Net.
1:12 of 2nd period - Shot by Francois Beauchemin.
1:12 of 2nd period - Goal by Francois Beauchemin - Sabres : 1 - Devils : 1.
1:13 of 2nd period - Kyle Turris wins face-off versus Darren Helm in neutral zone.
1:19 of 2nd period - Minor Penalty to Michal Rozsival for Interference.
1:20 of 2nd period - Kyle Turris wins face-off versus Tyler Johnson in Devils zone.
2:03 of 2nd period - Shot by Nino Niederreiter.
2:03 of 2nd period - Shot Misses the Net.
2:05 of 2nd period - Shot by Francois Beauchemin.
2:05 of 2nd period - Stopped by Corey Crawford with a rebound.
5:29 of 2nd period - Off-side.
5:30 of 2nd period - Ryan Johansen wins face-off versus Brandon Sutter in neutral zone.
5:47 of 2nd period - Shot by Ryan Johansen.
5:47 of 2nd period - Stopped by Corey Crawford with a rebound.
5:53 of 2nd period - Shot by Brock Nelson.
5:53 of 2nd period - Stopped by Corey Crawford without a rebound.
5:54 of 2nd period - Matt Cullen wins face-off versus Darren Helm in Devils zone.
6:27 of 2nd period - Shot by Darren Helm.
6:27 of 2nd period - Stopped by Ondrej Pavelec without a rebound.
6:28 of 2nd period - Valtteri Filppula wins face-off versus Ryan Johansen in Sabres zone.
6:56 of 2nd period - Thomas Vanek is hit by Valtteri Filppula and loses puck.
7:18 of 2nd period - Icing by Michal Rozsival.
7:19 of 2nd period - Kyle Turris wins face-off versus Brandon Sutter in Devils zone.
8:16 of 2nd period - Shot by Tyler Johnson.
8:16 of 2nd period - Stopped by Ondrej Pavelec without a rebound.
8:17 of 2nd period - Darren Helm wins face-off versus Matt Cullen in Sabres zone.
8:18 of 2nd period - Shot by Tommy Wingels.
8:18 of 2nd period - Stopped by Ondrej Pavelec with a rebound.
8:28 of 2nd period - Icing by Trevor Daley.
8:29 of 2nd period - Darren Helm wins face-off versus Ryan Johansen in Devils zone.
8:42 of 2nd period - Shot by Ryan Johansen.
8:42 of 2nd period - Shot Misses the Net.
8:44 of 2nd period - Shot by Francois Beauchemin.
8:44 of 2nd period - Shot Misses the Net.
8:52 of 2nd period - Shot by Thomas Vanek.
8:52 of 2nd period - Stopped by Corey Crawford without a rebound.
8:53 of 2nd period - Brandon Sutter wins face-off versus Matt Cullen in Devils zone.
9:20 of 2nd period - Shot by Brandon Sutter.
9:20 of 2nd period - Stopped by Ondrej Pavelec without a rebound.
9:21 of 2nd period - Mikko Koivu wins face-off versus Ryan Johansen in Sabres zone.
10:30 of 2nd period - Shot by Kyle Turris.
10:30 of 2nd period - Shot Blocked by Trevor Daley.
11:17 of 2nd period - Shot by Matt Cullen.
11:17 of 2nd period - Shot Misses the Net.
11:19 of 2nd period - Shot by Matt Cullen.
11:19 of 2nd period - Stopped by Corey Crawford without a rebound.
11:20 of 2nd period - Zach Hyman wins face-off versus Brandon Sutter in Devils zone.
11:20 of 2nd period - Zach Hyman is hit by Dougie Hamilton.
11:22 of 2nd period - Shot by Francois Beauchemin.
11:22 of 2nd period - Stopped by Corey Crawford without a rebound.
11:23 of 2nd period - Brandon Sutter wins face-off versus Ryan Johansen in Devils zone.
11:34 of 2nd period - Francois Beauchemin is hit by Drew Stafford and loses puck.
11:47 of 2nd period - Anton Stralman is hit by Ryan Johansen and loses puck.
12:10 of 2nd period - Icing by Dougie Hamilton.
12:11 of 2nd period - Brandon Sutter wins face-off versus Kyle Turris in Devils zone.
12:56 of 2nd period - Gustav Nyquist is hit by Michal Rozsival and loses puck.
12:57 of 2nd period - Gustav Nyquist from Sabres is injured at 12:57 of 2nd period (Bruised Left Shoulder).
12:58 of 2nd period - Drew Stafford wins face-off versus Matt Cullen in Devils zone.
13:08 of 2nd period - Drew Stafford is hit by Kris Versteeg and loses puck.
13:20 of 2nd period - Icing by Francois Beauchemin.
13:21 of 2nd period - Matt Cullen wins face-off versus Darren Helm in Sabres zone.
13:28 of 2nd period - Icing by Darren Helm.
13:29 of 2nd period - Ryan Johansen wins face-off versus Tommy Wingels in Devils zone.
13:32 of 2nd period - Shot by Thomas Vanek.
13:32 of 2nd period - Stopped by Corey Crawford without a rebound.
13:33 of 2nd period - Ryan Johansen wins face-off versus Darren Helm in Devils zone.
13:42 of 2nd period - Shot by Ryan Johansen.
13:42 of 2nd period - Shot Misses the Net.
15:02 of 2nd period - Shot by Kris Versteeg.
15:02 of 2nd period - Deflect By Nino Niederreiter.
15:02 of 2nd period - Shot Blocked by Dougie Hamilton.
15:28 of 2nd period - Shot by Zach Hyman.
15:28 of 2nd period - Shot Misses the Net.
15:31 of 2nd period - Icing by Anton Stralman.
15:32 of 2nd period - Zach Hyman wins face-off versus Brandon Sutter in Devils zone.
15:47 of 2nd period - Shot by Zach Hyman.
15:47 of 2nd period - Goal by Zach Hyman - Sabres : 2 - Devils : 1.
15:48 of 2nd period - Ryan Johansen wins face-off versus Mikko Koivu in neutral zone.
16:03 of 2nd period - Rasmus Ristolainen is hit by James Neal and loses puck.
16:13 of 2nd period - Icing by Rasmus Ristolainen.
16:14 of 2nd period - Ryan Johansen wins face-off versus Darren Helm in Sabres zone.
16:24 of 2nd period - Shot by Tommy Wingels.
16:24 of 2nd period - Goal by Tommy Wingels - Sabres : 2 - Devils : 2.
16:25 of 2nd period - Mikko Koivu wins face-off versus Matt Cullen in neutral zone.
16:49 of 2nd period - Matt Cullen is hit by Trevor Daley and loses puck.
17:00 of 2nd period - Minor Penalty to Oliver Ekman-Larsson for Hooking.
17:01 of 2nd period - Brandon Sutter wins face-off versus Matt Cullen in Sabres zone.
17:33 of 2nd period - Shot by Valtteri Filppula.
17:33 of 2nd period - Stopped by Ondrej Pavelec with a rebound.
17:35 of 2nd period - Shot by Brandon Sutter.
17:35 of 2nd period - Stopped by Ondrej Pavelec with a rebound.
17:41 of 2nd period - Shot by Brandon Sutter.
17:41 of 2nd period - Stopped by Ondrej Pavelec with a rebound.
17:43 of 2nd period - Shot by Valtteri Filppula.
17:43 of 2nd period - Stopped by Ondrej Pavelec without a rebound.
17:44 of 2nd period - Mikko Koivu wins face-off versus Jacob Josefson in Sabres zone.
18:12 of 2nd period - Shot by Anton Stralman.
18:12 of 2nd period - Stopped by Ondrej Pavelec without a rebound.
18:13 of 2nd period - Brandon Sutter wins face-off versus Matt Cullen in Sabres zone.
18:14 of 2nd period - Shot by Valtteri Filppula.
18:14 of 2nd period - Goal by Valtteri Filppula - Sabres : 2 - Devils : 3.
18:15 of 2nd period - Ryan Johansen wins face-off versus Darren Helm in neutral zone.
18:17 of 2nd period - Rasmus Ristolainen is hit by Steven Kampfer and loses puck.
18:30 of 2nd period - Shot by Ales Hemsky.
18:30 of 2nd period - Stopped by Ondrej Pavelec with a rebound.
18:55 of 2nd period - Minor Penalty to Ryan Johansen for Hooking.
18:56 of 2nd period - Matt Cullen wins face-off versus Mikko Koivu in Sabres zone.
18:56 of 2nd period - Matt Cullen is hit by James Neal.
19:22 of 2nd period - Shot by Anton Stralman.
19:22 of 2nd period - Stopped by Ondrej Pavelec without a rebound.
19:23 of 2nd period - Brandon Sutter wins face-off versus Matt Cullen in Sabres zone.
19:24 of 2nd period - Shot by Shayne Gostisbehere.
19:24 of 2nd period - Shot Blocked by Francois Beauchemin.
19:26 of 2nd period - Shot by Michal Rozsival.
19:26 of 2nd period - Shot Misses the Net.
19:28 of 2nd period - Shot by Drew Stafford.
19:28 of 2nd period - Stopped by Ondrej Pavelec with a rebound.
19:30 of 2nd period - Shot by Michal Rozsival.
19:30 of 2nd period - Stopped by Ondrej Pavelec with a rebound.
Goals for this period are 2 for Sabres vs 2 for Devils.
Shots for this period are 10 for Sabres vs 16 for Devils.

3rd period


0:01 of 3rd period - Mikko Koivu wins face-off versus Matt Cullen in neutral zone.
0:13 of 3rd period - Off-side.
0:14 of 3rd period - Brandon Sutter wins face-off versus Matt Cullen in neutral zone.
0:32 of 3rd period - Shot by Brandon Sutter.
0:32 of 3rd period - Stopped by Ondrej Pavelec with a rebound.
0:48 of 3rd period - Shot by Daniel Winnik.
0:48 of 3rd period - Stopped by Corey Crawford with a rebound.
1:27 of 3rd period - Shot by Ryan Johansen.
1:27 of 3rd period - Shot Misses the Net.
1:29 of 3rd period - Shot by Rasmus Ristolainen.
1:29 of 3rd period - Shot Blocked by Darren Helm.
1:39 of 3rd period - Tommy Wingels is hit by Brock Nelson and loses puck.
1:51 of 3rd period - Off-side.
1:52 of 3rd period - Kyle Turris wins face-off versus Mikko Koivu in neutral zone.
1:59 of 3rd period - Shot by Kris Versteeg.
1:59 of 3rd period - Shot Misses the Net.
3:11 of 3rd period - Shot by Brandon Prust.
3:11 of 3rd period - Deflect By Drew Stafford.
3:11 of 3rd period - Shot Misses the Net.
3:48 of 3rd period - Ales Hemsky is hit by Ryan Johansen and loses puck.
4:14 of 3rd period - Brock Nelson is hit by Tommy Wingels and loses puck.
4:37 of 3rd period - Shot by James Neal.
4:37 of 3rd period - Shot Misses the Net.
4:43 of 3rd period - Shot by Tyler Johnson.
4:43 of 3rd period - Shot Blocked by Francois Beauchemin.
4:51 of 3rd period - Shot by James Neal.
4:51 of 3rd period - Deflect By Tyler Johnson.
4:51 of 3rd period - Shot Misses the Net.
5:00 of 3rd period - Tyler Johnson is hit by Rasmus Ristolainen and loses puck.
5:08 of 3rd period - Icing by Francois Beauchemin.
5:09 of 3rd period - Brandon Sutter wins face-off versus Ryan Johansen in Sabres zone.
5:09 of 3rd period - Drew Stafford is hit by Rasmus Ristolainen and loses puck.
5:18 of 3rd period - Shot by Valtteri Filppula.
5:18 of 3rd period - Shot Blocked by Rasmus Ristolainen.
5:20 of 3rd period - Shot by Brandon Sutter.
5:20 of 3rd period - Stopped by Ondrej Pavelec without a rebound.
5:21 of 3rd period - Kyle Turris wins face-off versus Drew Stafford in Sabres zone.
5:21 of 3rd period - Oliver Ekman-Larsson is hit by Brandon Prust and loses puck.
5:31 of 3rd period - Oliver Ekman-Larsson is hit by Brandon Prust and loses puck.
5:41 of 3rd period - Tyler Myers is hit by Brandon Prust and loses puck.
5:56 of 3rd period - Shot by Drew Stafford.
5:56 of 3rd period - Stopped by Ondrej Pavelec without a rebound.
5:57 of 3rd period - Mikko Koivu wins face-off versus Zach Hyman in Sabres zone.
6:18 of 3rd period - Shot by Mikko Koivu.
6:18 of 3rd period - Shot Hit the Post.
6:20 of 3rd period - Shot by Tyler Johnson.
6:20 of 3rd period - Goal by Tyler Johnson - Sabres : 2 - Devils : 4.
6:21 of 3rd period - Matt Cullen wins face-off versus Tommy Wingels in neutral zone.
6:39 of 3rd period - Shot by Matt Cullen.
6:39 of 3rd period - Shot Misses the Net.
7:18 of 3rd period - Off-side.
7:19 of 3rd period - Brandon Sutter wins face-off versus Kyle Turris in neutral zone.
7:32 of 3rd period - Shot by Valtteri Filppula.
7:32 of 3rd period - Stopped by Ondrej Pavelec without a rebound.
7:33 of 3rd period - Zach Hyman wins face-off versus Mikko Koivu in Sabres zone.
7:35 of 3rd period - Icing by Daniel Winnik.
7:36 of 3rd period - Brandon Sutter wins face-off versus Zach Hyman in Sabres zone.
8:09 of 3rd period - Zach Hyman is hit by Brandon Sutter and loses puck.
8:21 of 3rd period - Zach Hyman is hit by Valtteri Filppula.
8:40 of 3rd period - Braydon Coburn is hit by Dougie Hamilton and loses puck.
8:51 of 3rd period - Francois Beauchemin is hit by James Neal.
8:55 of 3rd period - Shot by Mikko Koivu.
8:55 of 3rd period - Shot Misses the Net.
9:26 of 3rd period - Shot by Darren Helm.
9:26 of 3rd period - Deflect By Tommy Wingels.
9:26 of 3rd period - Shot Misses the Net.
9:48 of 3rd period - Shot by Tommy Wingels.
9:48 of 3rd period - Shot Blocked by Tyler Myers.
9:50 of 3rd period - Shot by Darren Helm.
9:50 of 3rd period - Stopped by Ondrej Pavelec without a rebound.
9:51 of 3rd period - Drew Stafford wins face-off versus Kris Versteeg in Sabres zone.
10:03 of 3rd period - Kris Versteeg is hit by Michal Rozsival.
10:10 of 3rd period - Lars Eller is hit by Michal Rozsival and loses puck.
10:13 of 3rd period - Shot by Matt Cullen.
10:13 of 3rd period - Shot Misses the Net.
10:15 of 3rd period - Shot by Tyler Myers.
10:15 of 3rd period - Deflect By Lars Eller.
10:15 of 3rd period - Shot Misses the Net.
10:18 of 3rd period - Matt Cullen is hit by Michal Rozsival and loses puck.
10:22 of 3rd period - Lars Eller is hit by Michal Rozsival.
10:34 of 3rd period - Lars Eller is hit by Michal Rozsival and loses puck.
11:56 of 3rd period - Jacob Josefson is hit by Mikko Koivu and loses puck.
12:05 of 3rd period - Shot by Tyler Johnson.
12:05 of 3rd period - Stopped by Ondrej Pavelec with a rebound.
12:07 of 3rd period - Shot by James Neal.
12:07 of 3rd period - Stopped by Ondrej Pavelec without a rebound.
12:08 of 3rd period - Darren Helm wins face-off versus Matt Cullen in Sabres zone.
12:09 of 3rd period - Shot by Ales Hemsky.
12:09 of 3rd period - Shot Misses the Net.
12:14 of 3rd period - Minor Penalty to Tommy Wingels for Hooking.
12:15 of 3rd period - Matt Cullen wins face-off versus Mikko Koivu in Devils zone.
12:22 of 3rd period - Shot by Oliver Ekman-Larsson.
12:22 of 3rd period - Stopped by Corey Crawford without a rebound.
12:23 of 3rd period - Thomas Vanek wins face-off versus Tyler Johnson in Devils zone.
12:54 of 3rd period - Shot by Oliver Ekman-Larsson.
12:54 of 3rd period - Shot Blocked by Mikko Koivu.
13:40 of 3rd period - Shot by Kyle Turris.
13:40 of 3rd period - Stopped by Corey Crawford without a rebound.
13:41 of 3rd period - Mikko Koivu wins face-off versus Kyle Turris in Devils zone.
14:23 of 3rd period - Ales Hemsky is hit by Braydon Coburn and loses puck.
15:07 of 3rd period - Icing by Johnny Oduya.
15:08 of 3rd period - Mikko Koivu wins face-off versus Zach Hyman in Sabres zone.
16:51 of 3rd period - Icing by Ryan Johansen.
16:52 of 3rd period - Darren Helm wins face-off versus Ryan Johansen in Sabres zone.
16:55 of 3rd period - Shot by Darren Helm.
16:55 of 3rd period - Stopped by Ondrej Pavelec without a rebound.
16:56 of 3rd period - Kyle Turris wins face-off versus James Neal in Sabres zone.
17:15 of 3rd period - Shot by Nino Niederreiter.
17:15 of 3rd period - Stopped by Corey Crawford without a rebound.
17:16 of 3rd period - Matt Cullen wins face-off versus Darren Helm in Devils zone.
17:58 of 3rd period - Icing by Ales Hemsky.
17:59 of 3rd period - Ryan Johansen wins face-off versus Darren Helm in Devils zone.
18:38 of 3rd period - Shot by Anton Stralman.
18:38 of 3rd period - Shot Blocked by Tyler Myers.
18:40 of 3rd period - Shot by Drew Stafford.
18:40 of 3rd period - Stopped by Ondrej Pavelec with a rebound.
18:42 of 3rd period - Shot by Brandon Sutter.
18:42 of 3rd period - Stopped by Ondrej Pavelec with a rebound.
19:01 of 3rd period - Shot by Brandon Sutter.
19:01 of 3rd period - Stopped by Ondrej Pavelec without a rebound.
19:02 of 3rd period - Mikko Koivu wins face-off versus Kyle Turris in Sabres zone.
19:06 of 3rd period - James Neal is hit by Francois Beauchemin and loses puck.
19:37 of 3rd period - Shot by Kris Versteeg.
19:37 of 3rd period - Shot Misses the Net.
19:39 of 3rd period - Shot by Kyle Turris.
19:39 of 3rd period - Goal by Kyle Turris - Sabres : 3 - Devils : 4.
19:40 of 3rd period - Brandon Sutter wins face-off versus Thomas Vanek in neutral zone.
19:51 of 3rd period - Anton Stralman is hit by Ryan Johansen and loses puck.
Goals for this period are 1 for Sabres vs 1 for Devils.
Shots for this period are 5 for Sabres vs 12 for Devils.